cohdb
Replays
Latest Replays
All Replays
Popular Replays
Top Player Replays
Match Explorer
How It Works
Community
CoH3 Stats
Reddit
Sign in to upload your games and track your stats! →
Sign in with Steam
Match 43092115
Unlisted
Match 43092115
Overview
Messages
Build Orders
End
Selects Air and Sea Battlegroup
Construct Section Command Post
Infantry Section
Infantry Section
Dingo Light Scout Car
ML 3-inch Mortar Team
Construct Platoon Command Post
Unlock M3 Stuart Light Tanks
Selects Commando Section Paradrop
Commando Section Paradrop
Selects M1 Pack Howitzer Paradrop
M1 Pack Howitzer Paradrop
M3 Stuart Light Tank
Construct Field Infirmary
Selects Supply Surplus
Construct Company Command Post
RuuN
狗王
Genki
Nowa
0
0
Comments
sign in to comment!
No comments posted yet!